Map: Honorgrounds LE

Players

JonSnow - Winner!

  • Race: Zerg Zerg
  • Spawn Location: 7:00

Optimus

  • Race: Terran Terran
  • Spawn Location: 11:00

Event: WCS Austin 2017

VOD

Have the link to the VOD?

Description

Time

  • Played on: April 28, 2017, 8:53 p.m.
  • Length: 7:07

All games in this series

Show
View Real Time Build Order
Export as new Build Order

JonSnow Zerg - Winner!

Build Orders: Hatch First 

Get SALT Encoding   

  12  0:00  Drone  
  13  0:13  Overlord  
  13  0:18  Drone  
  14  0:33  Drone x2  
  16  0:36  Drone  
  17  0:53  Hatchery  
  17  0:57  Drone  
  17  1:00  Drone  
  18  1:07  Extractor  
  17  1:17  Spawning Pool  
  16  1:19  Drone  
  16  1:23  Drone  
  18  1:31  Overlord  
  18  1:40  Drone  
  19  2:04  Queen  
  19  2:05  Zergling x4  
  19  2:06  Queen  
  25  2:08  Metabolic Boost  
  25  2:21  Drone  
  26  2:23  Drone x3  
  29  2:34  Drone x2  
  30  2:38  Drone  
  30  2:42  Queen  
  33  2:46  Drone  
  34  2:59  Hatchery  
  33  3:06  Overlord x2  
  33  3:12  Drone  
  34  3:14  Evolution Chamber  
  33  3:21  Queen  
  35  3:33  Overlord  
  35  3:37  Drone x6  
  41  3:43  Baneling Nest  
  40  3:52  Drone  
  40  3:53  Drone  
  40  3:54  Drone x2  
  44  3:57  Overlord  
  44  4:01  Queen  
  46  4:06  Zerg Ground Armor Level 1  
  46  4:09  Zergling x2  
  47  4:10  Zergling x2  
  48  4:18  Zergling x6  
  48  4:23  Extractor  
  50  4:25  Queen  
  50  4:26  Drone x3  
  50  4:28  Drone  
  56  4:39  Pneumatized Carapace  
  57  4:52  Zergling x2  
  57  4:53  Zergling x16  
  65  5:01  Overlord  
  65  5:02  Queen  
  67  5:09  Zergling x8  
  67  5:10  Zergling x4  
  67  5:13  Baneling x6  
  73  5:19  Overlord  
  73  5:30  Overlord  
  73  5:32  Queen  
  73  5:35  Spore Crawler  
  74  5:36  Spore Crawler  
  74  5:41  Zergling x12  
  79  5:48  Baneling x5  
  77  5:52  Drone x2  
  77  5:53  Drone x2  
  78  6:01  Baneling x2  
  78  6:02  Baneling  
  78  6:03  Overlord  
  78  6:13  Baneling x2  
  78  6:15  Queen  
  79  6:19  Zergling x10  
  83  6:26  Zergling x2  
  83  6:27  Zergling x6  
  84  6:34  Zergling x8  
  84  6:37  Baneling x2  
  84  6:38  Baneling x2  
  88  6:40  Zergling x4  
  88  6:43  Baneling x2  
  88  6:44  Baneling  
Show
View Real Time Build Order
Export as new Build Order

Optimus Terran 

Build Orders: Reaper Expand, Hellion Banshee 

Get SALT Encoding   

  12  0:00  SCV  
  13  0:12  SCV  
  14  0:17  Supply Depot  
  14  0:25  SCV  
  15  0:30  Refinery  
  15  0:39  SCV  
  16  0:45  Barracks  
  16  0:51  SCV  
  17  1:03  SCV  
  18  1:15  SCV  
  19  1:32  Reaper, Orbital Command  
  20  1:44  Command Center  
  20  1:55  Factory  
  20  1:59  SCV  
  21  2:07  Barracks Reactor  
  21  2:10  Supply Depot  
  21  2:14  SCV  
  22  2:20  Refinery  
  22  2:26  SCV  
  23  2:38  SCV  
  24  2:46  Starport  
  24  2:48  Hellion x2  
  24  2:51  SCV  
  29  2:54  Marine  
  30  3:04  Orbital Command  
  30  3:06  SCV  
  31  3:17  Hellion x2  
  35  3:20  SCV  
  36  3:31  SCV  
  36  3:32  SCV  
  38  3:34  Supply Depot  
  38  3:36  Medivac  
  40  3:44  SCV  
  40  3:46  Hellion  
  40  3:47  Hellion  
  40  3:48  SCV  
  46  3:55  Supply Depot, Barracks Tech Lab  
  46  3:56  SCV  
  46  4:00  SCV  
  48  4:07  Hellion  
  48  4:09  Hellion  
  52  4:10  Supply Depot  
  52  4:12  SCV  
  52  4:13  SCV  
  54  4:24  SCV  
  55  4:25  SCV  
  55  4:27  Cloaking Field, Banshee  
  59  4:34  Hellion  
  59  4:35  Hellion  
  59  4:36  SCV  
  59  4:37  SCV  
  65  4:39  Supply Depot  
  65  4:40  Barracks Tech Lab  
  65  4:48  SCV  
  65  4:50  Armory, SCV  
  67  4:57  Hellion  
  69  5:00  SCV  
  69  5:01  Hellion  
  69  5:02  Supply Depot, Marine  
  73  5:10  Raven  
  73  5:11  SCV  
  76  5:17  Command Center  
  76  5:19  Marine  
  75  5:27  Barracks, SCV  
  76  5:28  Barracks  
  76  5:31  Refinery  
  76  5:34  SCV  
  77  5:42  SCV  
  78  5:43  Factory Reactor  
  78  5:50  Engineering Bay x2  
  78  5:52  Marine  
  76  6:06  SCV x2  
  76  6:07  Starport Reactor, Barracks  
  76  6:08  Barracks  
  76  6:09  Refinery  
  76  6:10  Marine  
  79  6:18  SCV  
  80  6:28  Marine, SCV  
  80  6:30  Marine x3  
  70  6:33  Hellion x2  
  74  6:41  Bunker  
  74  6:42  SCV x2  
  74  6:46  Marine  
  77  6:48  Marine x2  
  77  6:50  Bunker  
Tags
 
Add a new tag
Caveats
  • Supply blocks, unpowered buildings, or Contaminate may cause inaccurate times.
  • Supply counts are checked every 10 seconds.